 Dungeon Crawl Stone Soup version 0.25.0-26-g0c896c7088 (webtiles) character file.

Game seed: 16541781578576507206

4774 MisterFreud the Grappler (level 10, -6/90 HPs)
             Began as a Ghoul Earth Elementalist on July 2, 2020.
             Splashed by Maurice's acid (13 damage)
             ... on level 8 of the Dungeon.
             The game lasted 00:17:59 (11842 turns).

MisterFreud the Grappler (GhEE)                    Turns: 11842, Time: 00:17:59

Health: -6/90      AC:  9    Str: 13    XL:     10   Next: 47%
Magic:  11/11      EV: 19    Int: 13    God:
Gold:   144        SH:  5    Dex: 13    Spells: 11/12 levels left

rFire    . . .     SeeInvis .     - Unarmed
rCold    + + .     Gourm    .   a - +0 buckler
rNeg     + + +     Faith    .   A - +0 plate armour
rPois    ∞         Spirit   .   (no helmet)
rElec    +         Reflect  .   p - +1 cloak
rCorr    .         Harm     .   m - +0 pair of gloves
MR       .....                  q - +1 pair of boots
Stlth    ..........             u - amulet "Wismuit" {Acrobat rElec Dex+4}
HPRegen  0.00/turn              H - ring of protection from cold
MPRegen  0.12/turn              (no ring)

@: corroded, acrobat, rotting
A: rotting body, claws 1, carnivore, cold resistance 1, negative energy
resistance 3, inhibited regeneration, torment resistance, unbreathing
a: no special abilities


You were on level 8 of the Dungeon.
You were not hungry.

You visited 2 branches of the dungeon, and saw 9 of its levels.

You collected 664 gold pieces.
You spent 520 gold pieces at shops.

Inventory:

Missiles
 b - 373 stones (quivered)
 z - 14 poisoned darts
 C - 8 boomerangs
Armour
 a - a +0 buckler (worn)
 c - a +0 robe
 m - a +0 pair of gloves (worn)
 p - a +1 cloak (worn)
 q - a +1 pair of boots (worn)
 A - a +0 plate armour (worn)
Jewellery
 u - the amulet "Wismuit" (around neck) {Acrobat rElec Dex+4}
   (You acquired it on level 7 of the Dungeon)

   [amulet of the acrobat]

   It helps you evade while moving and waiting.
   It affects your dexterity (+4).
   It insulates you from electricity.
 H - a ring of protection from cold (left hand)
Wands
 i - a wand of iceblast (5)
 l - a wand of random effects (22)
 o - a wand of acid (6)
 v - a wand of digging (3)
 y - a wand of paralysis (4)
 J - a wand of clouds (3)
Scrolls
 f - 5 scrolls of identify
 g - a scroll of magic mapping
 h - a scroll of remove curse
 j - 2 scrolls of blinking {unknown}
 n - a scroll of noise {unknown}
 r - 2 scrolls of immolation {unknown}
 s - 2 scrolls of fog {unknown}
 w - a scroll of enchant armour {unknown}
 x - 2 scrolls of fear {unknown}
 D - a scroll of holy word {unknown}
 E - a scroll of amnesia {unknown}
 G - a scroll of vulnerability {unknown}
Potions
 e - 2 potions of curing
 k - 2 potions of might
 t - a potion of resistance
 B - a potion of invisibility
 I - a potion of ambrosia {unknown}
Comestibles
 d - 18 rations


   Skills:
 + Level 8.7 Fighting
 + Level 4.3 Armour
 - Level 1.7 Dodging
 - Level 2.1 Stealth
 - Level 4.0 Shields
 + Level 11.5 Unarmed Combat
 - Level 1.7 Spellcasting
   Level 0.8 Transmutations
 - Level 3.2 Earth Magic


You had 11 spell levels left.
You knew the following spells:

 Your Spells              Type           Power        Failure   Level  Hunger
a - Sandblast             Erth           #.....       100%        1    ##.....

Your spell library contained the following spells:

 Spells                   Type           Power        Failure   Level  Hunger
 Summon Small Mammal      Summ           #...         100%        1    ##.....
 Call Imp                 Summ           #.......     100%        2    ###....
 Passwall                 Tmut/Erth      #.......     100%        2    ###....
 Call Canine Familiar     Summ           #.......     100%        3    ####...
 Stone Arrow              Conj/Erth      #.....       100%        3    ####...
 Summon Guardian Golem    Hex/Summ       #.......     100%        3    ####...
 Petrify                  Tmut/Erth      #.......     100%        4    #####..
 Summon Ice Beast         Ice/Summ       #.......     100%        4    #####..
 Summon Lightning Spire   Summ/Air       #.......     100%        4    #####..
 Lee's Rapid Deconstruct  Erth           #.........   100%        5    ######.
 Chain Lightning          Conj/Air       #.........   100%        8    #######
 Lehudib's Crystal Spear  Conj/Erth      #.........   100%        8    #######
 Absolute Zero            Ice            #.........   100%        9    #######
 Fire Storm               Conj/Fire      #.........   100%        9    #######


Dungeon Overview and Level Annotations

Branches:
Dungeon (8/15)             Temple (1/1) D:4
   Lair: D:8-11

Altars:
Cheibriados
Dithmenos
Elyvilon
Fedhas
Gozag
Hepliaklqana
Kikubaaqudgha
Nemelex Xobeh
Okawaru
Qazlal
Ru
Sif Muna
Trog
Uskayaw
Vehumet
Wu Jian
Yredelemnul
Zin
The Shining One

Shops:
D:7 *

Annotations:
D:8 Maurice


Innate Abilities, Weirdness & Mutations

Your body is rotting away.
You thrive on raw meat.
You are immune to poison.
You have sharp fingernails.
You are carnivorous and can eat meat at any time.
Your flesh is cold resistant. (rC+)
You are immune to negative energy. (rN+++)
You do not regenerate when monsters are visible.
You are immune to unholy pain and torment.
You can survive without breathing.


Message History

a +0 hand axe; an orc corpse; a porcupine corpse The bullfrog gives a loud, deep croak!
You hear a zap.
A bolt of acid appears from out of thin air!
The bolt of acid hits you!
* * * LOW HITPOINT WARNING * * *
The acid corrodes you!
You are splashed with acid!
* * * LOW HITPOINT WARNING * * *
Something drops a +0 dagger.
Something picks up a +0 hand axe.
You feel better.
You hear a zap.
A bolt of acid appears from out of thin air!
The bolt of acid misses you.
The yak snorts and paws the ground.
Found 12 gold pieces.
You hear a zap.
A bolt of acid appears from out of thin air!
The bolt of acid hits you!
* * * LOW HITPOINT WARNING * * *
The acid corrodes you!
You are splashed with acid!
You die...

#..P.....P.#
#...P..PP.. #.#
##..?....# #.#
.)....... #.#
##.#.#.## #.#
##.....# #$#
†.>..### #.#
####...# #.#
####.>.### #@#
##.....).#######.#
......###..Y..F{.#
##....# +.########
###..# ### #...
####


There were no monsters in sight!

Vanquished Creatures
  Pikel (D:4)
  Grinder (D:4)
  Prince Ribbit (D:5)
  A water moccasin (D:6)
  3 porcupines (D:8)
  3 orc warriors
  5 ogres
  A phantom (D:7)
  4 centaurs
  A crocodile (D:8)
  A big kobold (D:7)
  5 bullfrogs
  3 gnoll sergeants
  A wyvern skeleton (D:7)
  4 scorpions
  5 wights (D:7)
  4 crimson imps
  9 hounds
  A centaur skeleton (D:7)
  4 orc priests
  Crazy Yiuf (D:2)
  A bullfrog skeleton (D:8)
  5 orc wizards
  Jessica (D:2)
  An iguana (D:6)
  4 worker ants
  A hound skeleton (D:5)
  11 gnolls
  14 adders
  4 shadow imps
  An adder skeleton (D:6)
  An adder zombie (D:5)
  5 worms
  2 dart slugs
  4 leopard geckos
  22 orcs
  3 giant cockroaches
  8 goblins
  13 hobgoblins
  5 jackals
  2 quokkas
  8 bats
  3 frilled lizards
  A jackal skeleton (D:5)
  18 kobolds
  6 rats
203 creatures vanquished.

Vanquished Creatures (others)
  A centaur (D:7)
  A worker ant (D:4)
  A worm (D:4)
  A frilled lizard (D:4)
  8 fungi (D:8)
  8 plants (D:8)
20 creatures vanquished.

Grand Total: 223 creatures vanquished

Notes
Turn   | Place    | Note
-------+----------+-------------------------------------------
     0 | D:1      | MisterFreud the Ghoul Earth Elementalist began the quest
                  | for the Orb.
     0 | D:1      | Reached XP level 1. HP: 14/14 MP: 2/2
   373 | D:1      | Reached skill level 1 in Unarmed Combat
   782 | D:1      | Reached XP level 2. HP: 9/20 MP: 3/3
  1237 | D:1      | Reached skill level 2 in Unarmed Combat
  1865 | D:2      | Found an ornate altar of the Wu Jian Council.
  1904 | D:2      | Reached XP level 3. HP: 9/23 MP: 0/4
  1913 | D:2      | Reached skill level 1 in Shields
  1927 | D:2      | Reached skill level 3 in Unarmed Combat
  2242 | D:2      | Noticed a fire elemental
  2245 | D:2      | Found a stormy altar of Qazlal.
  2246 | D:2      | Noticed an air elemental
  2246 | D:2      | Noticed a water elemental
  2246 | D:2      | Noticed an earth elemental
  2578 | D:2      | Reached XP level 4. HP: 28/33 MP: 5/5
  2951 | D:2      | You fall into a shaft and drop 1 floor!
  3052 | D:3      | Found a hazy altar of Hepliaklqana.
  3356 | D:3      | Reached skill level 4 in Unarmed Combat
  3380 | D:3      | Reached XP level 5. HP: 36/38 MP: 6/6
  3542 | D:3      | Found a glowing golden altar of the Shining One.
  3547 | D:3      | Found a basalt altar of Yredelemnul.
  3549 | D:3      | Noticed a profane servitor
  4231 | D:3      | Noticed an angel
  4282 | D:2      | Found a runed translucent door.
  4283 | D:2      | Noticed Crazy Yiuf
  4362 | D:2      | Noticed Jessica
  4369 | D:2      | Killed Jessica
  4567 | D:2      | Killed Crazy Yiuf
  4881 | D:4      | Found a staircase to the Ecumenical Temple.
  4930 | D:4      | Reached skill level 5 in Unarmed Combat
  4930 | D:4      | Reached XP level 6. HP: 30/43 MP: 7/7
  4948 | Temple   | Entered the Ecumenical Temple
  5456 | D:4      | Reached skill level 6 in Unarmed Combat
  5548 | D:4      | Noticed a slave
  5548 | D:4      | Noticed a slave
  5549 | D:4      | Noticed Pikel
  5562 | D:4      | Noticed a slave
  5563 | D:4      | Noticed a slave
  5589 | D:4      | HP: 2/45 [Pikel/+2 whip of flaming (2)]
  5622 | D:4      | Killed Pikel
  5622 | D:4      | Reached skill level 5 in Fighting
  5622 | D:4      | Reached XP level 7. HP: 28/61 MP: 8/8
  5622 | D:4      | Reached XP level 8. HP: 32/68 MP: 9/9
  5953 | D:4      | Found a sparkling altar of Nemelex Xobeh.
  5967 | D:4      | Found an iron altar of Okawaru.
  6044 | D:4      | Noticed Grinder
  6077 | D:4      | Killed Grinder
  6077 | D:4      | Reached skill level 7 in Unarmed Combat
  6598 | D:5      | Entered Level 5 of the Dungeon
  6599 | D:5      | Found a shadowy altar of Dithmenos.
  7201 | D:5      | Found a shimmering blue altar of Sif Muna.
  7205 | D:5      | Found a shadowy altar of Dithmenos.
  7283 | D:5      | Reached skill level 8 in Unarmed Combat
  7404 | D:5      | Reached skill level 9 in Unarmed Combat
  7639 | D:5      | Found a glowing golden altar of the Shining One.
  7644 | D:5      | Reached XP level 9. HP: 75/75 MP: 10/10
  7800 | D:5      | Noticed Prince Ribbit
  7923 | D:5      | Killed Prince Ribbit
  8129 | D:5      | Found a snail-covered altar of Cheibriados.
  8356 | D:6      | Reached skill level 10 in Unarmed Combat
  9156 | D:6      | Reached skill level 1 in Armour
  9756 | D:7      | Identified the +7 dagger of the Invisible Beasts {pain,
                  | rElec rN+ Int+2}
 10278 | D:7      | Found Fuarir's General Store.
 10285 | D:7      | Bought a scroll of acquirement for 520 gold pieces
 10286 | D:7      | Got the amulet "Wismuit" {Acrobat rElec Dex+4}
 10371 | D:7      | Reached XP level 10. HP: 86/88 MP: 11/11
 10509 | D:7      | Reached skill level 11 in Unarmed Combat
 10591 | D:7      | Found a sparkling altar of Nemelex Xobeh.
 11559 | D:7      | Found a bloodstained altar of Trog.
 11743 | D:8      | Noticed Maurice
 11842 | D:8      | Splashed by Maurice's acid

Illustrated notes

Levels and vault maps discovered:
D:1:      wander_arrival_peaceful_grave, layout_loops_corners
D:2:      layout_rooms, lemuel_round_altar, hex_large,
          nicolae_qazlal_style_of_elements, uniq_crazy_yiuf_cottage,
          uniq_jessica
D:3:      layout_basic, grunt_temple_overflow_holy_war,
          nicolae_overflow_crystal_walls, cheibrodos_sewer_entry_bend
D:4:      layout_basic, nicolae_overflow_hidden_temple,
          minmay_temple_entry_fiery, first_ration, okawaru_metal_pillars_1_2,
          uniq_pikel, uniq_grinder
D:5:      minmay_octagon_keep, layout_cave_pools, lemuel_crystal_altar,
          marbit_many_paths, lemuel_crystal_altar, basic_altar,
          nicolae_dithmenos_shadow_blocks, uniq_prince_ribbit1
D:6:      layout_loops_corners, minmay_crystal_room
D:7:      kennysheep_housing_project, layout_basic, basic_altar, serial_shops,
          shop_statue, trog_hazing_becter
D:8:      layout_loops_ring, grunt_temple_overflow_champion_of_chaos,
          due_lair_maze_entry_diamond, serial_shops, kennysheep_mini,
          uniq_maurice
Temple:   minmay_temple_curvy_loop

Skill      XL: |  1  2  3  4  5  6  7  8  9 10 |
---------------+-------------------------------+-----
Unarmed Combat | 1 2 3 4 5 6 9 10 11 | 11.5
Shields        | 1 2 4 |  4.0
Fighting       | 5 6 7 8 |  8.7
Armour         | 2 4 |  4.3
Dodging        | |  1.7
Stealth        | |  2.1
Spellcasting   | |  1.7
Transmutations | |  0.8
Earth Magic    | |  3.2

Action                   |  1- 3 |  4- 6 |  7- 9 | 10-12 || total
-------------------------+-------+-------+-------+-------++-------
Melee: Unarmed           |   110 |   284 |   512 |   263 ||  1169
 Cast: Sandblast         |     6 |    10 |     2 |       ||    18
  Use: Potion            |       |     8 |     1 |     1 ||    10
       Scroll            |       |       |     4 |     1 ||     5
 Stab: Sleeping          |     4 |     1 |     5 |       ||    10
       Invisible         |       |     3 |       |       ||     3
  Eat: Chunk             |     8 |    23 |    27 |     3 ||    61
Armor: Robe              |    27 |    69 |    50 |       ||   146
       Plate armour      |       |       |   149 |   128 ||   277
Dodge: Dodged            |    63 |   118 |   167 |    78 ||   426
Block: Buckler           |     8 |    29 |    99 |    59 ||   195
